 Dungeon Crawl Stone Soup version 0.21-a0-508-gf08a75f (webtiles) character file.

51 tof the Skirmisher (level 3, -1/29 HPs)
             Began as a Demonspawn Monk on Nov 28, 2017.
             Slain by Natasha (6 damage)
             ... on level 2 of the Dungeon.
             The game lasted 00:02:52 (2013 turns).

tof the Skirmisher (Demonspawn Monk)                Turns: 2013, Time: 00:02:53

Health: -1/29      AC:  7    Str: 11    XL:     3   Next: 58%
Magic:  3/3        EV: 12    Int: 13    God:
Gold:   120        SH:  0    Dex: 16    Spells: 2/2 levels left

rFire    . . .     SeeInvis .   a - +0 falchion
rCold    + . .     Gourm    +   (no shield)
rNeg     . . .     Faith    .   p - +0 ring mail (curse)
rPois    .         Spirit   .   (no helmet)
rElec    .         Reflect  .   (no cloak)
rCorr    +         Harm     .   (no gloves)
MR       .....                  g - +1 pair of boots {Stlth+}
Stlth    ++........             k - amulet of the gourmand
HPRegen  0.09/turn              d - ring of resist corrosion
MPRegen  0.08/turn              r - +2 ring of intelligence

@: no status effects
A: cold resistance 1
a: no special abilities


You were on level 2 of the Dungeon.
You were completely stuffed.

You visited 1 branch of the dungeon, and saw 2 of its levels.

You collected 120 gold pieces.

Inventory:

Hand Weapons
 a - a +0 falchion (weapon)
Armour
 b - a +0 robe
 g - a +1 pair of boots of stealth (worn)
 p - a cursed +0 ring mail (worn)
Jewellery
 d - a ring of resist corrosion (left hand)
 k - an amulet of the gourmand (around neck)
 r - a +2 ring of intelligence (right hand)
Scrolls
 e - a scroll of enchant weapon {unknown}
 i - a scroll of identify {unknown}
 n - a scroll of remove curse {unknown}
 s - a scroll of enchant armour {unknown}
Potions
 f - a potion of agility {unknown}
 h - a potion of ambrosia {unknown}
 j - 2 potions of brilliance {unknown}
 m - a potion of degeneration {unknown}
 o - 3 potions of lignification {unknown}
Comestibles
 c - a bread ration
 l - a royal jelly


   Skills:
 + Level 3.3 Fighting
 * Level 3.2 Long Blades
 + Level 0.9 Armour
 + Level 3.0 Dodging
 + Level 2.1 Stealth


You had 2 spell levels left.
You didn't know any spells.

Dungeon Overview and Level Annotations

Branches:
Dungeon (2/15)

Altars:
Hepliaklqana
Nemelex Xobeh

Annotations:
D:2 Natasha


Innate Abilities, Weirdness & Mutations

Your flesh is cold resistant. (rC+)


Message History

The shadow imp hits you but does no damage.
Natasha claws you.
The crimson imp hits you but does no damage.
You closely miss Natasha. The shadow imp closely misses you.
Natasha barely misses you.
You riposte.
You closely miss Natasha. The crimson imp hits you.
The shadow imp gestures at you. Pain shoots through your body!
You hit Natasha.
Natasha is lightly wounded.
Natasha claws you.
* * * LOW HITPOINT WARNING * * *
The white imp puffs mist at you.
The crimson imp hits you but does no damage.
The shadow imp shouts, "Scamper hence, thou pox-marked elf-skinned buzzard-bait!"
The shadow imp closely misses you.
You hit Natasha.
Natasha is heavily wounded.
Natasha claws you.
You die...

.......###.................##....
.^.........................####.#
.....#####.......................
..#.## ########...##.##.##.#...
..#.## #.......(.##.#..# ###..#
#...##.##........ ##.#
##...##.#####.#..# #.#
#.5..##.#####.#.§#
#.###########@h5.##....5..#..5
#.............5......#######.#
.###....<...####.#)####.## #..
..............##.#.#.....# ###
.####.......#......<..#..### #
#.......###..#.##.#..#.##
#<..#.÷.###....##.#...#.#
#.#..........#......##.##
#.##.##.###.##.##.####.#


You could see Natasha, a crimson imp, a white imp and a shadow imp.

Vanquished Creatures
  A worm (D:2)
  2 dart slugs
  7 bats
  A giant cockroach (D:1)
  6 goblins (D:1)
  7 hobgoblins
  4 jackals (D:1)
  A kobold (D:1)
  A quokka (D:2)
  A ball python (D:2)
  4 frilled lizards
  8 rats
43 creatures vanquished.

Notes
Turn   | Place    | Note
-------+----------+-------------------------------------------
     0 | D:1      | tof the Demonspawn Monk began the quest for the Orb.
     0 | D:1      | Reached XP level 1. HP: 18/18 MP: 1/1
   205 | D:1      | Gained mutation: Your flesh is cold resistant. (rC+) [demonic ancestry]
   205 | D:1      | Reached XP level 2. HP: 16/24 MP: 2/2
   851 | D:1      | Found a sparkling altar of Nemelex Xobeh.
   886 | D:1      | Reached XP level 3. HP: 23/29 MP: 3/3
  1678 | D:2      | Found a hazy altar of Hepliaklqana.
  1700 | D:2      | Noticed Natasha
  2013 | D:2      | Slain by Natasha

Vault maps used:
D:1:      kilobyte_arrival_exit_the_forest, nemelex_altar_shiori
D:2:      nicolae_tso_swordbearing_angel, marbit_many_paths,
          lemuel_doored_altar, uniq_natasha

Skill      XL: |  1  2  3 |
---------------+----------+-----
Long Blades    | 3 |  3.2
Stealth        | 2 |  2.1
Dodging        | 3 |  3.0
Fighting       | |  3.3
Armour         | |  0.9

Action                   || total
-------------------------++-------
Melee: Falchion          ||   120
 Stab: Sleeping          ||    10
  Eat: Chunk             ||    18
Armor: Robe              ||    16
       Ring mail         ||     9
Dodge: Dodged            ||    78
       Rpst.: Falchion   ||    21

Table legend:
 A = Spawn XP
 B = Non-spawn XP
 C = Spawn XP percentage of total XP
 D = Spawn monster count
 E = Non-spawn monster count
 F = Spawn count percentage of total count
 G = Total turns spent on level
                    A         B        C        D         E        F      G
               +---------+---------+-------+---------+---------+-------+---------
         Total |       0 |      74 |   0.0 |       0 |      43 |   0.0 |  2013
               +---------+---------+-------+---------+---------+-------+---------
           D:1 |       0 |      52 |   0.0 |       0 |      32 |   0.0 |  1622
           D:2 |       0 |      22 |   0.0 |       0 |      11 |   0.0 |   391
               +---------+---------+-------+---------+---------+-------+---------
